 Dungeon Crawl Stone Soup version 0.15-a0-2246-gfd41422 (webtiles) character file.

98 PolkaDot the Vexing (level 4, -3/30 HPs)
             Began as a Vampire Enchanter on July 26, 2014.
             Slain by an orc warrior
             ... wielding a +0 flail
              (17 damage)
             ... on Level 3 of the Dungeon.
             The game lasted 00:05:42 (2393 turns).

PolkaDot the Vexing (Vampire Enchanter)             Turns: 2393, Time: 00:05:43

HP  -3/30        AC  4     Str  7      XL: 4   Next: 43%
MP   2/7         EV 12     Int 23      God:
Gold 174         SH  0     Dex 14      Spells:  3 memorised,  1 level left

rFire  . . .     SeeInvis +     a - +1 dagger
rCold  + + .     Clarity  .     b - +1 robe
rNeg   + + +     rCorr    .     (no shield)
rPois  +         rRot     +     (no helmet)
rElec  .         Spirit   .     (no cloak)
SustAb .         Warding  .     (no gloves)
rMut   .         Stasis   .     j - +0 pair of boots
Gourm  .                        (no amulet)
MR     .....                    (no ring)
                                (no ring)

@: brilliant, very slightly contaminated, regenerating slowly, invisible, not
resistant to hostile enchantments, fairly stealthy
A: fangs 3, see invisible, unbreathing
a: Bat Form


You were on level 3 of the Dungeon.
You were near bloodless.

You visited 1 branch of the dungeon, and saw 3 of its levels.

You collected 174 gold pieces.

Inventory:

Hand weapons
 a - a +1 dagger (weapon)
Armour
 b - a +1 robe (worn)
 j - a +0 pair of boots (worn)
Magical devices
 p - a wand of confusion (9) {unknown}
Scrolls
 e - 2 scrolls of identify {unknown}
 f - 3 scrolls of magic mapping {unknown}
 h - 2 scrolls of noise {unknown}
 i - a scroll of blinking {unknown}
 k - 2 scrolls of enchant armour {unknown}
 l - 3 scrolls of remove curse {unknown}
 m - a scroll of enchant weapon {unknown}
Potions
 d - a potion of coagulated blood {@w2}
 q - a potion of lignification {unknown}
Books
 c - a book of Maledictions

   Spells                             Type                      Level
   *Corona                            Hexes                        1
   Sure Blade                         Hexes/Charms                 2
   *Ensorcelled Hibernation           Hexes/Ice                    2
   *Confuse                           Hexes                        3
   Dazzling Spray                     Conjuration/Hexes            3
   Enslavement                        Hexes                        4


   Skills:
 - Level 3.2 Short Blades
 - Level 2.1 Dodging
 + Level 5.1 Stealth
 + Level 2.0 Spellcasting
 * Level 5.5 Hexes
 - Level 1.0 Ice Magic


You had one spell level left.
You knew the following spells:

 Your Spells              Type           Power        Failure   Level  Hunger
a - Corona                Hex            #####..      1%          1    #......
c - Confuse               Hex            #####...     1%          3    ###....
d - Ensorcelled Hibernat  Hex/Ice        ####..       1%          2    ##.....


Dungeon Overview and Level Annotations

Branches:
Dungeon (3/15)

Altars:
Vehumet
Xom
Yredelemnul


Innate Abilities, Weirdness & Mutations

You heal slowly.
You have razor-sharp teeth.
You have supernaturally acute eyesight.
You can survive without breathing.


Message History

Drink which item? (? for menu, Esc to quit)
You feel clever all of a sudden.
It was a potion of brilliance.
The orc wizard's eyes start to glow.
Drink which item? (? for menu, Esc to quit)
You fade into invisibility!
It was a potion of invisibility.
The orc warrior hits you with a flail!
Ouch! That really hurt!
You are very lightly contaminated with residual magic.
You hit the orc warrior but do no damage.
You hit the orc warrior but do no damage.
The orc warrior hits you with a flail.
You barely miss the orc warrior. Your bite misses the orc warrior.
You catch the helpless orc warrior completely off-guard!
You bite the orc warrior, and draw its blood!
You feel better.
You feel slightly less thirsty.
You impale the orc warrior!!
The orc warrior is severely wounded.
The orc warrior hits you with a flail!
Ouch! That really hurt!
You die...

####.# #.####..........
.....# #...............
...#.# #.####..........
...#.#####.####.....#....)
................).%.......
.#####........##.#########
.⌠##⌠##.......##(#######
.##...##...[..+#.......#
....#._#......##@#######
⌠##...##......##o#
####⌠##....K..##o#
...###........##K#########
.............o..o.........
.......#########.#########
####...# #.# ##### ##.####
#....%#


You could see an orc warrior, an orc wizard, an orc and a kobold.

Vanquished Creatures
  4 gnolls (D:2)
  An adder (D:2)
  A giant mite (D:1)
  A giant gecko (D:1)
  A ball python (D:2)
  3 bats
  4 giant cockroaches
  8 hobgoblins
  2 quokkas (D:2)
  2 giant newts (D:2)
  7 goblins
  10 kobolds
  3 rats (D:1)
47 creatures vanquished.

Notes
Turn   | Place    | Note
--------------------------------------------------------------
     0 | D:1      | PolkaDot, the Vampire Enchanter, began the quest for the Orb.
     0 | D:1      | Reached XP level 1. HP: 13/13 MP: 3/3
   406 | D:1      | Reached XP level 2. HP: 19/19 MP: 4/4
  1146 | D:1      | Learned a level 2 spell: Ensorcelled Hibernation
  1218 | D:1      | Reached XP level 3. HP: 24/24 MP: 6/6
  1655 | D:2      | Reached skill level 5 in Hexes
  1667 | D:2      | Reached skill level 5 in Stealth
  1667 | D:2      | Reached XP level 4. HP: 30/30 MP: 1/7
  1993 | D:2      | Found a basalt altar of Yredelemnul.
  2213 | D:3      | Reached skill level 1 in Ice Magic
  2268 | D:3      | Learned a level 3 spell: Confuse
  2314 | D:3      | Found a radiant altar of Vehumet.
  2324 | D:3      | Found a shimmering altar of Xom.
  2358 | D:3      | Noticed an orc warrior
  2393 | D:3      | Slain by an orc warrior

Action                   |  1- 3 |  4- 6 || total
-------------------------+-------+-------++-------
Melee: Dagger            |    95 |    21 ||   116
 Cast: Corona            |     3 |       ||     3
       Ensorcelled Hiber |     8 |    10 ||    18
  Use: Potion            |       |     3 ||     3
 Stab: Sleeping          |    14 |     9 ||    23
       Invisible         |       |     1 ||     1
